 Dungeon Crawl Stone Soup version 0.17.0-28-g6e173f8 (webtiles) character file.

290 PossumBlood the Skirmisher (level 6, -4/48 HPs)
             Began as a Human Fighter on Dec 2, 2015.
             Slain by a gnoll
             ... wielding a +0 spear
              (6 damage)
             ... on level 3 of the Dungeon.
             The game lasted 00:07:29 (2853 turns).

PossumBlood the Skirmisher (Human Fighter)          Turns: 2853, Time: 00:07:29

Health: -4/48      AC: 11    Str: 23    XL:     6   Next: 58%
Magic:  6/6        EV:  8    Int:  9    God:
Gold:   212        SH: 10    Dex: 12    Spells: 0 memorised, 5 levels left

rFire  . . .     SeeInvis .     a - +0 flail
rCold  . . .     Clarity  .     b - +0 scale mail
rNeg   . . .     SustAt   .     c - +0 shield
rPois  .         Gourm    .     (no helmet)
rElec  .         Spirit   .     (no cloak)
rCorr  .         Warding  .     f - +0 pair of gloves
rMut   .         Stasis   .     m - +2 pair of boots
MR     .....                    (no amulet)
Stlth  ..........               (no ring)
                                (no ring)

@: mighty, not resistant to hostile enchantments, extremely unstealthy
A: no striking features
a: no special abilities


You were on level 3 of the Dungeon.
You were not hungry.

You visited 1 branch of the dungeon, and saw 3 of its levels.

You collected 212 gold pieces.

Inventory:

Hand Weapons
 a - a +0 flail (weapon)
Armour
 b - a +0 scale mail (worn)
 c - a +0 shield (worn)
 f - a +0 pair of gloves (worn)
 m - a +2 pair of boots (worn)
Jewellery
 o - an uncursed ring of teleportation
Scrolls
 i - a scroll of identify
 j - 2 scrolls of fog
Potions
 d - 2 potions of might
 k - a potion of flight
 p - a potion of lignification
Comestibles
 e - 2 bread rations
 g - 5 meat rations
 h - a beef jerky
 l - 2 slices of pizza


   Skills:
 + Level 4.0 Fighting
 * Level 3.4 Maces & Flails
 + Level 4.0 Armour
 - Level 2.6 Dodging
 + Level 3.9 Shields


You had 5 spell levels left.
You didn't know any spells.

Dungeon Overview and Level Annotations

Branches:
Dungeon (3/15)

Altars:
Elyvilon
Sif Muna
Yredelemnul


Message History

Your shield prevents you from hitting the gnoll.
You block the gnoll's attack.
You sock the gnoll!
The gnoll is severely wounded.
The gnoll barely misses you.
You sock the orc wizard!
The orc wizard is heavily wounded.
You block the gnoll's attack.
The orc wizard hits you but does no damage.
You block the gnoll's attack.
You closely miss the orc wizard.
The orc wizard is heavily wounded.
The orc wizard hits you but does no damage.
You block the orc wizard's attack. The gnoll hits you with a spear.
* * * LOW HITPOINT WARNING * * *
Your scale mail prevents you from hitting the orc wizard.
The orc wizard is heavily wounded.
The orc wizard hits you but does no damage.
You block the orc wizard's attack. The gnoll hits you with a spear.
You die...

##.....#.#..###
##.#.########
#######.##...###..#.)..##...
#.####.....#####...... #.#
##...## ###.... #. #.#..###
###... #.##...# #.....
###.####.## #.#... ##)..#
#..###[#... #o@###
##.....#... #.....g##
####.....# #.....# #..#...
#..... #..>#..## ###.#
#.###.### ... #. #(.(. ... .
....## .. .. ##### ..


You could see an orc wizard and a gnoll.

Vanquished Creatures
  A centaur (D:3)
  An orc priest (D:3)
  6 gnolls (D:3)
  4 adders (D:2)
  2 oozes
  A worm (D:2)
  3 giant geckos
  2 orcs (D:3)
  3 giant cockroaches
  3 goblins
  6 hobgoblins
  4 jackals (D:1)
  6 kobolds
  A quokka (D:2)
  6 bats
  7 giant newts
  38 rats
94 creatures vanquished.

Notes
Turn   | Place    | Note
--------------------------------------------------------------
     0 | D:1      | PossumBlood the Human Fighter began the quest for the Orb.
     0 | D:1      | Reached XP level 1. HP: 18/18 MP: 1/1
    35 | D:1      | Reached XP level 2. HP: 1/24 MP: 2/2
   722 | D:1      | Reached XP level 3. HP: 29/29 MP: 3/3
   786 | D:1      | Reached skill level 1 in Dodging
  1272 | D:2      | Found a white marble altar of Elyvilon.
  1311 | D:2      | Reached XP level 4. HP: 35/35 MP: 4/4
  1877 | D:2      | Found a basalt altar of Yredelemnul.
  2054 | D:2      | Reached XP level 5. HP: 38/41 MP: 5/5
  2320 | D:3      | Found a deep blue altar of Sif Muna.
  2483 | D:3      | Noticed a centaur
  2494 | D:3      | Killed a centaur
  2494 | D:3      | Reached XP level 6. HP: 45/48 MP: 6/6
  2822 | D:3      | Reached skill level 4 in Armour
  2840 | D:3      | HP: 1/48 [gnoll (3)]
  2852 | D:3      | HP: 2/48 [gnoll/spear (2)]
  2853 | D:3      | Slain by a gnoll

Action                   |  1- 3 |  4- 6 || total
-------------------------+-------+-------++-------
Melee: Flail             |   125 |   197 ||   322
  Use: Scroll            |     2 |     3 ||     5
       Potion            |       |     7 ||     7
  Eat: Bread ration      |     1 |       ||     1
       Royal jelly       |       |     1 ||     1
       Pizza             |       |     1 ||     1
